 Dungeon Crawl Stone Soup version 0.29-a0-841-g116ddc6ace (webtiles) character file.

Game seed: 7826365654980930126

87 kevlar127 the Ruffian (level 4, -3/45 HPs)
             Began as a Troll Berserker on July 14, 2022.
             Was a Believer of Trog.
             Slain by an iron imp (9 damage)
             ... summoned by Natasha
             ... on level 2 of the Dungeon.
             The game lasted 00:01:58 (1066 turns).

kevlar127 the Ruffian (Troll Berserker)             Turns: 1066, Time: 00:01:59

Health: -3/45      AC:  4    Str: 27    XL:     4   Next: 28%
Magic:  3/3        EV: 10    Int:  3    God:    Trog [**....]
Gold:   81         SH:  0    Dex:  9    Spells: 3/3 levels left

rFire   . . .      SeeInvis .     - Unarmed
rCold   . . .      Faith    .   (no shield)
rNeg    . . .      Spirit   .   a - +0 animal skin
rPois   .          Reflect  .   (helmet restricted)
rElec   .          Harm     .   (no cloak)
rCorr   .          Rampage  .   (gloves unavailable)
Will    .....                   (boots unavailable)
Stlth   +.........              (no amulet)
HPRegen 0.95/turn               (no ring)
MPRegen 0.08/turn               (no ring)

@: slowed, very slow
A: large, unfitting armour, claws 3, regeneration 1, shaggy fur 1, tough skin 1
a: Renounce Religion, Berserk, Trog's Hand


You were on level 2 of the Dungeon.
You worshipped Trog.
Trog was pleased with you.
You visited 1 branch of the dungeon, and saw 2 of its levels.

You collected 81 gold pieces.

Inventory:

Armour
 a - a +0 animal skin (worn)
Scrolls
 c - a scroll of poison {unknown}
 e - 2 scrolls of identify {unknown}
 f - 3 scrolls of enchant armour {unknown}
 g - a scroll of fog {unknown}
 h - a scroll of noise {unknown}
Potions
 b - a potion of brilliance {unknown}
 d - 2 potions of lignification {unknown}
 i - a potion of haste {unknown}
 j - a potion of invisibility {unknown}


   Skills:
 + Level 3.2 Fighting
 - Level 3.0 Dodging
 + Level 3.9 Unarmed Combat


You had 3 spell levels left.
You didn't know any spells.
Your spell library was empty.

Dungeon Overview and Level Annotations

Branches:
Dungeon (2/15)

Altars:

Annotations:
D:2 Natasha


Innate Abilities, Weirdness & Mutations

You are too large for most types of armour.
You have claws for hands.
Your natural rate of healing is unusually fast.
You are covered in fur. (AC +1)
You have tough skin. (AC +1)


Message History

You are too injured to fight recklessly!
You are too injured to fight recklessly!
You are too injured to fight recklessly!
You are too injured to fight recklessly!
You are too injured to fight recklessly!
You are too injured to fight recklessly!
You are too injured to fight recklessly!
Unknown command.
Unknown command.
You closely miss Natasha. Natasha closely misses you.
The giant cockroach misses you. The iron imp hits you.
Natasha closely misses you. The giant cockroach barely misses you.
The shadow imp barely misses you.
You barely miss Natasha.
The iron imp hits you but does no damage.
The giant cockroach bites you but does no damage.
Natasha claws you. The ball python barely misses you.
The shadow imp grins evilly.
The shadow imp closely misses you. The iron imp closely misses you.
You claw Natasha!
Natasha is almost dead.
The giant cockroach closely misses you.
The ball python bites you but does no damage.
Natasha claws you. The shadow imp closely misses you.
The giant cockroach bites you but does no damage.
The ball python bites you but does no damage.
Natasha casts a spell.
The iron imp hits you but does no damage.
You closely miss Natasha.
Natasha is almost dead.
The giant cockroach barely misses you. The shadow imp hits you.
* * * LOW HITPOINT WARNING * * *
The ball python bites you.
* * * LOW HITPOINT WARNING * * *
Natasha stares at you and mumbles some strange words.
The magic dart hits you.
* * * LOW HITPOINT WARNING * * *
The giant cockroach bites you but does no damage.
The iron imp hits you!
You die...

#...................
##..................
#...................
#...................
#........[..........
#...................
#........(..........
##.........S.†...$.#
#........@5.......#
#.......B5h.....?.#
............5.....$#
....................
..................#
..................
........#####..#.
........# #..


You could see an iron imp (summoned), Natasha, 2 shadow imps, a giant cockroach
and a ball python.

Vanquished Creatures
  Natasha (twice) (D:2)
  2 ball pythons
  3 bats (D:1)
  7 endoplasms
  2 giant cockroaches
  2 goblins (D:1)
  2 hobgoblins (D:1)
  3 jackals (D:1)
  4 frilled lizards (D:1)
  3 kobolds
  4 rats (D:1)
34 creatures vanquished.

Vanquished Creatures (others)
  A demonic plant (D:1)
  A plant (D:1)
  3 withered plants (D:1)
5 creatures vanquished.

Grand Total: 39 creatures vanquished

Notes
Turn   | Place    | Note
-------+----------+-------------------------------------------
     0 | D:1      | kevlar127 the Troll Berserker began the quest for the Orb.
     0 | D:1      | Reached XP level 1. HP: 22/22 MP: 0/0
   110 | D:1      | Reached XP level 2. HP: 28/29 MP: 1/1
   254 | D:1      | Found a faded altar of an unknown god.
   604 | D:1      | Reached ** piety under Trog
   605 | D:1      | Reached XP level 3. HP: 36/36 MP: 2/2
   924 | D:2      | Noticed Natasha
   934 | D:2      | Killed Natasha
  1033 | D:2      | Noticed Natasha
  1052 | D:2      | Killed Natasha
  1053 | D:2      | Reached XP level 4. HP: 31/45 MP: 3/3
  1055 | D:2      | Noticed Natasha
  1066 | D:2      | Slain by an iron imp

Illustrated notes

Levels and vault maps discovered:
D:1:      beargit_arrival_greenhouse, layout_basic,
          shapermc_ecumenical_altar_gd, minmay_nonomino_d4
D:2:      layout_rooms, uniq_natasha

Skill      XL: |  1  2  3 |
---------------+----------+-----
Fighting       | 3 |  3.2
Dodging        | 3 |  3.0
Unarmed Combat | |  3.9

Action                   |  1- 3 |  4- 6 || total
-------------------------+-------+-------++-------
Melee: Unarmed           |   117 |     8 ||   125
       Punch             |     3 |       ||     3
Invok: Berserk           |     1 |       ||     1
Armor: Animal skin       |    27 |     9 ||    36
Dodge: Dodged            |    45 |    13 ||    58

Table legend: (Time is in decaauts)
 A = Elapsed time spent in this place.
 B = Non-inter-level travel time spent in this place.
 C = Inter-level travel time spent in this place.
 D = Time resting spent in this place.
 E = Time spent auto-exploring this place.
 F = Levels seen in this place.
 G = Mean time per level.
                   A        B        C        D        E       F      G
               +--------+--------+--------+--------+--------+-----+--------+
         Total |   1081 |   1067 |     14 |    113 |    708 |   2 |  540.5 |
       Dungeon |   1081 |   1067 |     14 |    113 |    708 |   2 |  540.5 |
               +--------+--------+--------+--------+--------+-----+--------+

Top non-repeatable levels by time:
     D:1: 863 daAuts
     D:2: 217 daAuts
